Map: Acropolis LE

Players

Djorn - Winner!

  • Race: Protoss Protoss
  • Spawn Location: 5:00

A.I. 1 (Very Easy)

  • Race: Zerg Zerg
  • Spawn Location: 11:00

VOD

Have the link to the VOD?

Description

Time

  • Played on: Aug. 22, 2019, 12:43 p.m.
  • Length: 18:34
Show
View Real Time Build Order
Export as new Build Order

Djorn Protoss - Winner!

Build Orders:  

Get SALT Encoding   

  12  0:02  Probe  
  13  0:17  Probe  
  14  0:26  Pylon  
  14  0:29  Probe  
  15  0:38  Assimilator  
  15  0:40  Probe  
  15  0:48  Probe  
  16  0:52  Gateway  
  17  0:59  Probe  
  18  1:11  Probe  
  18  1:17  Pylon  
  19  1:23  Probe  
  20  1:34  Forge  
  20  1:42  Cybernetics Core  
  20  2:08  Nexus  
  20  2:09  Assimilator  
  20  2:14  Adept  
  20  2:19  Pylon  
  20  2:20  Warp Gate  
  22  2:34  Adept  
  22  2:39  Twilight Council  
  24  2:52  Gateway  
  24  2:55  Probe  
  25  3:04  Probe  
  26  3:13  Probe  
Show
View Real Time Build Order
Export as new Build Order

A.I. 1 (Very Easy) Zerg 

Build Orders: Pool Only 

Get SALT Encoding   

  12  0:00  Drone  
  13  0:12  Overlord  
  13  0:16  Drone  
  14  0:34  Spawning Pool  
  13  0:37  Drone  
  13  0:41  Extractor  
  13  0:44  Drone  
  14  0:51  Overlord  
  14  1:21  Zergling x2, Queen  
  17  1:30  Roach Warren  
  17  1:31  Extractor  
  15  1:34  Drone  
  16  1:41  Drone  
  16  1:42  Zergling x2  
  18  1:55  Drone  
  19  2:02  Zergling x2  
  19  2:06  Drone  
  21  2:17  Drone  
  22  2:28  Drone  
  22  2:29  Overlord  
  23  2:35  Drone  
  24  2:43  Drone  
Tags
 
Matchup
PvZ
Opening
Pool Only
Replay Pack
sc2replays
Spawn Locations
Cross Positions
Add a new tag
Caveats
  • Supply blocks, unpowered buildings, or Contaminate may cause inaccurate times.
  • Supply counts are checked every 10 seconds.